| TOP OF THE 1ST |
|
Johnson City Cardinals batting - Pitching for Danville Braves : RHP Rick Grenfell
|
|
Pitching: RHP Rick Grenfell
|
|
|
Batting: RHB Robby Hickman
|
0-0: Fly out, F9 (Flyball, 9LM, EV 93.8 MPH)
|
|
Batting: SHB Justin Towry
|
0-0: Ball 1-0: Foul Ball, location: 2F 1-1: SINGLE (Groundball, 4MD, EV 96.9 MPH)
|
|
Batting: RHB Kyle Burns
|
0-0: Called Strike 0-1: SINGLE (Groundball, 4MD, EV 103.8 MPH) Justin Towry to second Runner from 2nd tries for 3rd, OUT! 8-5 Kyle Burns to second
|
|
Batting: SHB Justin Houser
|
0-0: Called Strike 0-1: 2-RUN HOME RUN (Line Drive, 89XD, EV 110.0 MPH), Distance : 415 ft
|
|
Batting: LHB Billy Lang
|
0-0: Ball 1-0: Swinging Strike 1-1: Called Strike 1-2: Foul Ball, location: 2F 1-2: Foul Ball, location: 2F 1-2: Ball 2-2: Strikes out looking
|
| Top of the 1st over - 2 runs, 3 hits, 0 errors, 0 left on base; Johnson City 2 - Danville 0 |
| BOTTOM OF THE 1ST |
|
Danville Braves batting - Pitching for Johnson City Cardinals : RHP Mario Machado
|
|
Pitching: RHP Mario Machado
|
|
|
Batting: RHB Rafael Reyes
|
0-0: Swinging Strike 0-1: Foul Ball, location: 2F 0-2: Ball 1-2: Ground out 4-3 (Groundball, 4, EV 80.6 MPH)
|
|
Batting: RHB Dave Pizarro
|
0-0: Ball 1-0: Ball 2-0: Ball 3-0: Base on Balls
|
|
Batting: LHB Tamaichi Sasada
|
0-0: Called Strike Dave Pizarro steals 2nd, throwing error, E2 Dave Pizarro to third 0-1: Ball 1-1: Ball 2-1: Foul Ball, location: 2F 2-2: Strikes out looking
|
|
Batting: RHB Josh Hopp
|
0-0: SINGLE (Flyball, 78S, EV 86.9 MPH) Dave Pizarro scores
|
|
Batting: RHB Nick Holsinger
|
0-0: Swinging Strike 0-1: Ball Josh Hopp is caught stealing 2nd base 2-4
|
| Bottom of the 1st over - 1 run, 1 hit, 1 error, 0 left on base; Johnson City 2 - Danville 1 |
| TOP OF THE 2ND |
|
Johnson City Cardinals batting - Pitching for Danville Braves : RHP Rick Grenfell
|
|
Batting: RHB Adam Hudson
|
0-0: Ball 1-0: Swinging Strike 1-1: SINGLE (Line Drive, 8LS, EV 100.0 MPH)
|
|
Batting: RHB Geoff Musico
|
0-0: Foul Ball, location: 2F 0-1: Ball 1-1: Foul Ball, location: 2F 1-2: Foul Ball, location: 2F 1-2: Ball 2-2: SINGLE (Line Drive, 34D, EV 110.0 MPH) Adam Hudson to second
|
|
Batting: RHB Edgar Klockow
|
0-0: Foul Ball, location: 2F 0-1: Swinging Strike 0-2: Strikes out swinging
|
|
Batting: LHB Hylnur Albertsson
|
0-0: Bunt - Flyout to P! F1
|
|
Batting: RHB Robby Hickman
|
0-0: Ball 1-0: Ground out 6-3 (Groundball, 6S, EV 80.6 MPH)
|
| Top of the 2nd over - 0 runs, 2 hits, 0 errors, 2 left on base; Johnson City 2 - Danville 1 |
| BOTTOM OF THE 2ND |
|
Danville Braves batting - Pitching for Johnson City Cardinals : RHP Mario Machado
|
|
Batting: RHB Nick Holsinger
|
0-0: Ball 1-0: Swinging Strike 1-1: Foul Ball, location: 2F 1-2: Ball 2-2: Strikes out looking
|
|
Batting: RHB Tony Cabrera
|
0-0: Foul Ball, location: 2F 0-1: Called Strike 0-2: Foul Ball, location: 2F 0-2: Foul Ball, location: 2F 0-2: SINGLE (Groundball, 6S, EV 70.6 MPH) (infield hit)
|
|
Batting: RHB Miguel Vazquez
|
0-0: Called Strike 0-1: Ball 1-1: Ball 2-1: Foul Ball, location: 2F 2-2: Strikes out swinging
|
|
Batting: RHB Vicente Guillen
|
0-0: Called Strike 0-1: Fielders Choice at 2nd, 6-4 (Groundball, 6, EV 76.2 MPH)
|
| Bottom of the 2nd over - 0 runs, 1 hit, 0 errors, 1 left on base; Johnson City 2 - Danville 1 |
| TOP OF THE 3RD |
|
Johnson City Cardinals batting - Pitching for Danville Braves : RHP Rick Grenfell
|
|
Batting: SHB Justin Towry
|
0-0: Ground out 4-3 (Groundball, 4, EV 86.2 MPH)
|
|
Batting: RHB Kyle Burns
|
0-0: SINGLE (Groundball, 34D, EV 95.6 MPH)
|
|
Batting: SHB Justin Houser
|
0-0: Foul Ball, location: 2F 0-1: Foul Ball, location: 2F 0-2: Grounds into double play, 6-4-3 (Groundball, 6, EV 93.8 MPH)
|
| Top of the 3rd over - 0 runs, 1 hit, 0 errors, 0 left on base; Johnson City 2 - Danville 1 |
| BOTTOM OF THE 3RD |
|
Danville Braves batting - Pitching for Johnson City Cardinals : RHP Mario Machado
|
|
Batting: RHB Rodolfo Cosme
|
0-0: Called Strike 0-1: Ball 1-1: Swinging Strike 1-2: Foul Ball, location: 2F 1-2: Strikes out swinging
|
|
Batting: RHB Rafael Reyes
|
0-0: Ball 1-0: Called Strike 1-1: Ball 2-1: Swinging Strike 2-2: Foul Ball, location: 2F 2-2: Strikes out looking
|
|
Batting: RHB Dave Pizarro
|
0-0: Ball 1-0: Ball 2-0: Called Strike 2-1: Ball 3-1: Base on Balls
|
|
Batting: LHB Tamaichi Sasada
|
0-0: Ball Dave Pizarro is caught stealing 2nd base 2-6
|
| Bottom of the 3rd over - 0 runs, 0 hits, 0 errors, 0 left on base; Johnson City 2 - Danville 1 |
| TOP OF THE 4TH |
|
Johnson City Cardinals batting - Pitching for Danville Braves : RHP Rick Grenfell
|
|
Batting: LHB Billy Lang
|
0-0: Ball 1-0: Foul Ball, location: 2F 1-1: Ball 2-1: Called Strike 2-2: Foul Ball, location: 2F 2-2: SINGLE (Groundball, 4M, EV 108.8 MPH) (infield hit)
|
|
Batting: RHB Adam Hudson
|
0-0: Fly out, F3 (Popup, 3F, EV 62.5 MPH)
|
|
Batting: RHB Geoff Musico
|
0-0: Ball 1-0: Foul Ball, location: 2F 1-1: Ball 2-1: Fielders Choice at 2nd, 4-6 (Groundball, 4S, EV 91.9 MPH)
|
|
Batting: RHB Edgar Klockow
|
0-0: Ball 1-0: Ball 2-0: Ball 3-0: Base on Balls Geoff Musico to second
|
|
Batting: LHB Hylnur Albertsson
|
0-0: Foul Ball, location: 2F 0-1: Called Strike 0-2: Ball 1-2: Strikes out swinging
|
| Top of the 4th over - 0 runs, 1 hit, 0 errors, 2 left on base; Johnson City 2 - Danville 1 |
| BOTTOM OF THE 4TH |
|
Danville Braves batting - Pitching for Johnson City Cardinals : RHP Mario Machado
|
|
Batting: LHB Tamaichi Sasada
|
0-0: Ball 1-0: DOUBLE (Flyball, 89XD, EV 100.0 MPH)
|
|
Batting: RHB Josh Hopp
|
0-0: Ball 1-0: Ball 2-0: Ball 3-0: Base on Balls
|
|
Batting: RHB Nick Holsinger
|
0-0: Called Strike 0-1: Called Strike 0-2: Foul Ball, location: 2F 0-2: Foul Ball, location: 2F 0-2: Ball 1-2: Foul Ball, location: 2F 1-2: Fly out, F7 (Flyball, 78M, EV 89.4 MPH)
|
|
Batting: RHB Tony Cabrera
|
0-0: Foul Ball, location: 2F 0-1: Ball 1-1: SINGLE (Groundball, 5D, EV 96.9 MPH) Tamaichi Sasada to third Josh Hopp to second Runner from 3rd tries for Home, SAFE, throw by LF to home
|
|
Batting: RHB Miguel Vazquez
|
0-0: Ball Josh Hopp is caught stealing 3rd base 2-5 1-0: Foul Ball, location: 2F 1-1: Swinging Strike 1-2: Ball 2-2: Strikes out swinging
|
| Bottom of the 4th over - 1 run, 2 hits, 0 errors, 1 left on base; Johnson City 2 - Danville 2 |
| TOP OF THE 5TH |
|
Johnson City Cardinals batting - Pitching for Danville Braves : RHP Rick Grenfell
|
|
Batting: RHB Robby Hickman
|
0-0: SOLO HOME RUN (Flyball, 89XD, EV 100.6 MPH), Distance : 377 ft
|
|
Batting: SHB Justin Towry
|
0-0: Ball 1-0: Ball 2-0: Foul Ball, location: 2F 2-1: Ground out 3-1 (Groundball, 34S, EV 87.5 MPH)
|
|
Batting: RHB Kyle Burns
|
0-0: Swinging Strike 0-1: Swinging Strike 0-2: Ball 1-2: Fly out, F7 (Flyball, 78S, EV 81.2 MPH)
|
|
Batting: SHB Justin Houser
|
0-0: Ball 1-0: Swinging Strike 1-1: Ball 2-1: Swinging Strike 2-2: Ball 3-2: Base on Balls
|
|
Batting: LHB Billy Lang
|
0-0: Ground out 4-3 (Groundball, 4, EV 76.9 MPH)
|
| Top of the 5th over - 1 run, 1 hit, 0 errors, 1 left on base; Johnson City 3 - Danville 2 |
| BOTTOM OF THE 5TH |
|
Danville Braves batting - Pitching for Johnson City Cardinals : RHP Mario Machado
|
|
Batting: RHB Vicente Guillen
|
0-0: Called Strike 0-1: Ground out 3-1 (Groundball, 34, EV 100.0 MPH)
|
|
Batting: RHB Rodolfo Cosme
|
0-0: Ball 1-0: Foul Ball, location: 2F 1-1: Foul Ball, location: 2F 1-2: Foul Ball, location: 2F 1-2: Foul Ball, location: 2F 1-2: Foul Ball, location: 2F 1-2: Ball 2-2: Foul Ball, location: 2F 2-2: Ground out 6-3 (Groundball, 56, EV 91.2 MPH)
|
|
Batting: RHB Rafael Reyes
|
0-0: Ball 1-0: Fly out, F7 (Flyball, 7S, EV 95.6 MPH)
|
| Bottom of the 5th over - 0 runs, 0 hits, 0 errors, 0 left on base; Johnson City 3 - Danville 2 |
| TOP OF THE 6TH |
|
Johnson City Cardinals batting - Pitching for Danville Braves : RHP Rick Grenfell
|
|
Batting: RHB Adam Hudson
|
0-0: Foul Ball, location: 2F 0-1: Ball 1-1: Called Strike 1-2: Foul Ball, location: 2F 1-2: SINGLE (Groundball, 34D, EV 103.8 MPH)
|
|
Batting: RHB Geoff Musico
|
0-0: Ball 1-0: Called Strike 1-1: Ball 2-1: Called Strike 2-2: Foul Ball, location: 2F 2-2: Ball 3-2: Strikes out swinging
|
|
Batting: RHB Edgar Klockow
|
0-0: Ball 1-0: Foul Ball, location: 2F 1-1: Foul Ball, location: 2F 1-2: Strikes out swinging
|
|
Batting: LHB Hylnur Albertsson
|
0-0: Ball 1-0: Called Strike 1-1: Fielders Choice at 2nd, 5-4 (Groundball, 56, EV 105.6 MPH)
|
| Top of the 6th over - 0 runs, 1 hit, 0 errors, 1 left on base; Johnson City 3 - Danville 2 |
| BOTTOM OF THE 6TH |
|
Danville Braves batting - Pitching for Johnson City Cardinals : RHP Mario Machado
|
|
Pitching: LHP Heriberto Flores
|
|
|
Batting: RHB Dave Pizarro
|
0-0: Ball 1-0: Called Strike 1-1: Ball 2-1: Foul Ball, location: 2F 2-2: Ball 3-2: Foul Ball, location: 2F 3-2: Foul Ball, location: 2F 3-2: Base on Balls
|
|
Batting: LHB Tamaichi Sasada
|
0-0: Called Strike 0-1: Foul Ball, location: 2F 0-2: Ball 1-2: Ball 2-2: Fly out, F8 (Flyball, 8RM, EV 80.0 MPH)
|
|
Batting: RHB Josh Hopp
|
0-0: Ball 1-0: Called Strike 1-1: Called Strike 1-2: Strikes out looking
|
|
Batting: RHB Nick Holsinger
|
0-0: Ball 1-0: Ball 2-0: Foul Ball, location: 2F 2-1: Fly out, F8 (Flyball, 8LM, EV 91.2 MPH)
|
| Bottom of the 6th over - 0 runs, 0 hits, 0 errors, 1 left on base; Johnson City 3 - Danville 2 |
| TOP OF THE 7TH |
|
Johnson City Cardinals batting - Pitching for Danville Braves : RHP Rick Grenfell
|
|
Batting: RHB Robby Hickman
|
0-0: Called Strike 0-1: Swinging Strike 0-2: Ball 1-2: Ball 2-2: Ball 3-2: SOLO HOME RUN (Flyball, 7D, EV 100.6 MPH), Distance : 398 ft
|
|
Batting: SHB Justin Towry
|
0-0: Ball 1-0: Foul Ball, location: 2F 1-1: Ball 2-1: Ground out 4-3 (Groundball, 34, EV 103.1 MPH)
|
|
Batting: RHB Kyle Burns
|
0-0: Ball 1-0: Ball 2-0: Called Strike 2-1: Ball 3-1: Called Strike 3-2: Fly out, F8 (Flyball, 8RM, EV 91.9 MPH)
|
|
Batting: SHB Justin Houser
|
0-0: Called Strike 0-1: Foul Ball, location: 2F 0-2: Ball 1-2: Strikes out swinging
|
| Top of the 7th over - 1 run, 1 hit, 0 errors, 0 left on base; Johnson City 4 - Danville 2 |
| BOTTOM OF THE 7TH |
|
Danville Braves batting - Pitching for Johnson City Cardinals : LHP Heriberto Flores
|
|
Pitching: RHP Francisco Galindo
|
|
|
Batting: RHB Tony Cabrera
|
0-0: Ball 1-0: Ball 2-0: Called Strike 2-1: Foul Ball, location: 2F 2-2: Ground out 5-3 (Groundball, 56, EV 101.9 MPH)
|
|
Batting: RHB Miguel Vazquez
|
0-0: Ball 1-0: Called Strike 1-1: Ball 2-1: Ball 3-1: Foul Ball, location: 2F 3-2: Foul Ball, location: 2F 3-2: SOLO HOME RUN (Line Drive, 7LD, EV 95.0 MPH), Distance : 340 ft
|
|
Batting: RHB Vicente Guillen
|
0-0: Ball 1-0: Called Strike 1-1: Ground out 6-3 (Groundball, 6, EV 84.4 MPH)
|
|
Batting: RHB Rodolfo Cosme
|
0-0: Ball 1-0: Ball 2-0: Ground out 6-3 (Groundball, 6, EV 83.1 MPH)
|
| Bottom of the 7th over - 1 run, 1 hit, 0 errors, 0 left on base; Johnson City 4 - Danville 3 |
| TOP OF THE 8TH |
|
Johnson City Cardinals batting - Pitching for Danville Braves : RHP Rick Grenfell
|
|
Pitching: RHP Carlos Dominguez
|
|
|
Batting: LHB Billy Lang
|
0-0: Called Strike 0-1: Ball 1-1: Called Strike 1-2: Ball 2-2: Foul Ball, location: 2F 2-2: Strikes out swinging
|
|
Batting: RHB Adam Hudson
|
0-0: Called Strike 0-1: Ball 1-1: Foul Ball, location: 2F 1-2: Strikes out swinging
|
|
Batting: RHB Geoff Musico
|
0-0: Ball 1-0: Ball 2-0: Called Strike 2-1: Ball 3-1: Base on Balls
|
|
Batting: RHB Edgar Klockow
|
0-0: Ball 1-0: Ball 2-0: Swinging Strike 2-1: Foul Ball, location: 2F 2-2: Strikes out looking
|
| Top of the 8th over - 0 runs, 0 hits, 0 errors, 1 left on base; Johnson City 4 - Danville 3 |
| BOTTOM OF THE 8TH |
|
Danville Braves batting - Pitching for Johnson City Cardinals : RHP Francisco Galindo
|
|
Batting: RHB Rafael Reyes
|
0-0: Called Strike 0-1: Swinging Strike 0-2: Ball 1-2: Strikes out looking
|
|
Batting: RHB Dave Pizarro
|
0-0: Called Strike 0-1: Foul Ball, location: 2F 0-2: SINGLE (Line Drive, 6MD, EV 103.8 MPH)
|
|
Batting: LHB Tamaichi Sasada
|
0-0: Ball 1-0: Ball 2-0: Called Strike 2-1: Foul Ball, location: 2F 2-2: Ball 3-2: Base on Balls Dave Pizarro to second
|
|
Batting: RHB Josh Hopp
|
0-0: Foul Ball, location: 2F 0-1: Swinging Strike 0-2: Strikes out swinging
|
|
Batting: RHB Nick Holsinger
|
0-0: Called Strike 0-1: Called Strike 0-2: Ball 1-2: Foul Ball, location: 2F 1-2: Ball 2-2: Ball 3-2: Base on Balls Dave Pizarro to third Tamaichi Sasada to second
|
|
Pitching: RHP Jim Morse
|
|
|
Pinch Hitting: LHB Art D'Ascenzo
|
0-0: Called Strike 0-1: Swinging Strike 0-2: Ball 1-2: Strikes out swinging
|
| Bottom of the 8th over - 0 runs, 1 hit, 0 errors, 3 left on base; Johnson City 4 - Danville 3 |
| TOP OF THE 9TH |
|
Johnson City Cardinals batting - Pitching for Danville Braves : RHP Carlos Dominguez
|
|
Pitching: LHP Darius Brown
|
|
|
Now in CF: Gebre-Giorgios Wangondu
|
|
|
Now in RF: Dave Pizarro
|
|
|
Batting: LHB Hylnur Albertsson
|
0-0: Ball 1-0: Called Strike 1-1: Ball 2-1: Foul Ball, location: 2F 2-2: Ball 3-2: Strikes out looking
|
|
Batting: RHB Robby Hickman
|
0-0: Called Strike 0-1: Foul Ball, location: 2F 0-2: Ball 1-2: Ball 2-2: Ball 3-2: Fly out, F9 (Flyball, 9, EV 91.2 MPH)
|
|
Batting: SHB Justin Towry
|
0-0: Ball 1-0: Swinging Strike 1-1: Ground out 6-3 (Groundball, 6MS, EV 78.1 MPH)
|
| Top of the 9th over - 0 runs, 0 hits, 0 errors, 0 left on base; Johnson City 4 - Danville 3 |
| BOTTOM OF THE 9TH |
|
Danville Braves batting - Pitching for Johnson City Cardinals : RHP Jim Morse
|
|
Pitching: LHP Craig Soole
|
|
|
Batting: RHB Miguel Vazquez
|
0-0: Foul Ball, location: 2F 0-1: Ball 1-1: Foul Ball, location: 2F 1-2: Foul Ball, location: 2F 1-2: SINGLE (Line Drive, 56D, EV 100.0 MPH)
|
|
Batting: RHB Vicente Guillen
|
0-0: Ball 1-0: Ball 2-0: Called Strike 2-1: Foul Ball, location: 2F 2-2: Strikes out swinging
|
|
Pinch Hitting: RHB Tetsuro Sato
|
0-0: Ball 1-0: Fly out, F9 (Flyball, 9, EV 84.4 MPH)
|
|
Batting: RHB Rafael Reyes
|
0-0: Fly out, F8 (Flyball, 8LM, EV 80.6 MPH)
|
| Bottom of the 9th over - 0 runs, 1 hit, 0 errors, 1 left on base; Johnson City 4 - Danville 3 |
|